AoeStats
← 88888

Black Forest

510287389Analyzed
4v4 RM · 8h ago on Sep 30, 2026· 45m 18s· 8 players
Game mode
Random Map
Map size
Large (8 player)
Population
200
Speed
Normal
Resources
Standard
Victory
Conquest
Starting age
Dark Age
Ending age
Imperial Age
RankedLock teamsTeams togetherTeam positionsShared explorationLock speedFull tech treeHidden civsTurbo modeCheats
Victory
Defeat
🇯🇵 Mongols · Japan
1136
+13
🇨🇳 Italians · China
1096
+15
🇨🇳 Teutons · China
1080
+15
🇨🇳 Wei · China
1013
+18
🇨🇳 Franks · China
1084
-16
🇹🇼 Persians · Taiwan
1060
-15
🇨🇳 Dravidians · China
1056
-15
🇯🇵 Malay · Japan
1052
-15
uvacha
0:46 Loom
12:38 Feudal Age
17:05 Castle Age
16:54 Double-Bit Axe
16:53 Horse Collar
21:40 Wheelbarrow
24:06 Stone Mining
25:25 Gold Mining
26:28 Bow Saw
28:43 Hand Cart
30:25 Gold Shaft Mining
33:37 Imperial Age
32:20 Forging
32:16 Scale Barding Armor
32:03 Fletching
32:20 Heavy Plow
33:03 Husbandry
33:27 Conscription
XGFC
10:50 Feudal Age
11:00 Loom
11:02 Man-at-Arms
11:28 Arson
11:40 Double-Bit Axe
13:49 Horse Collar
15:25 Wheelbarrow
14:50 Fletching
20:08 Castle Age
18:38 Padded Archer Armor
19:00 Town Watch
19:29 Gold Mining
21:18 Bow Saw
23:14 Bodkin Arrow
24:29 Heavy Plow
25:16 Hand Cart
33:24 Imperial Age
33:36 Ballistics
33:27 Masonry
36:56 Chemistry
37:14 Thumb Ring
37:44 Stone Mining
38:39 Bracer
88888
12:38 Feudal Age
16:56 Double-Bit Axe
16:51 Horse Collar
17:54 Wheelbarrow
17:05 Loom
20:28 Castle Age
18:14 Loom
22:40 Bow Saw
24:58 Hand Cart
25:58 Gold Mining
25:59 Stone Mining
26:12 Heavy Plow
31:49 Imperial Age
30:13 Caravan
31:25 Gold Shaft Mining
31:25 Stone Shaft Mining
31:08 Scale Barding Armor
31:13 Forging
32:52 Chain Barding Armor
32:24 Fletching
33:21 Conscription
34:20 Plate Barding Armor
34:48 Town Watch
35:07 Elite War Elephant
36:50 Iron Casting
37:02 Murder Holes
37:28 Ballistics
38:09 Chemistry
37:08 Bodkin Arrow
37:16 Husbandry
37:28 Bloodlines
39:14 Crop Rotation
40:00 Two-Man Saw
370085982
0:28 Loom
11:47 Feudal Age
16:35 Castle Age
21:42 Double-Bit Axe
28:27 Caravan
31:41 Imperial Age
30:22 Wheelbarrow
31:12 Scale Barding Armor
31:17 Forging
31:13 Gold Mining
31:46 Hand Cart
33:15 Chain Barding Armor
33:32 Iron Casting
34:22 Chemistry
32:59 Pikeman
33:39 Squires
33:25 Arson
34:04 Chivalry
34:09 Cavalier
36:13 Padded Archer Armor
36:04 Fletching
36:50 Plate Barding Armor
36:49 Elite Skirmisher
40:59 Paladin
寻找迷失的爱
0:28 Loom
13:08 Feudal Age
17:00 Castle Age
15:51 Stone Mining
15:51 Double-Bit Axe
19:00 Bow Saw
21:29 Fletching
24:35 Bodkin Arrow
29:07 Wheelbarrow
32:08 Imperial Age
29:38 Gold Mining
30:43 Padded Archer Armor
33:55 Chemistry
33:19 Conscription
34:30 Caravan
35:17 Elite Genoese Crossbowman
37:05 Stone Shaft Mining
37:15 Pirotechnia
40:49 Ballistics
43:24 Guilds
43:48 Coinage
43:34 Bloodlines
42:47 Light Cavalry
44:06 Hand Cart
44:25 Silk Road
44:02 Hussar
又菜又爱打帝国
11:34 Feudal Age
12:47 Double-Bit Axe
20:08 Castle Age
20:07 Stone Mining
21:21 Horse Collar
26:37 Bow Saw
28:49 Forging
28:55 Scale Barding Armor
32:27 Tuntian
33:43 Gold Mining
35:35 Wheelbarrow
35:23 Heavy Plow
36:38 Pikeman
37:19 Squires
37:04 Arson
38:53 Gold Shaft Mining
38:53 Stone Shaft Mining
38:42 Chain Barding Armor
38:58 Iron Casting
41:59 Imperial Age
42:14 Halberdier
44:37 Hand Cart
44:08 Loom
44:10 Town Watch
sada-aki
7:48 Loom
10:57 Feudal Age
11:29 Double-Bit Axe
12:39 Horse Collar
15:24 Castle Age
16:17 Bow Saw
26:41 Caravan
29:59 Imperial Age
29:01 Wheelbarrow
28:23 Gold Mining
29:06 Ballistics
30:22 Hand Cart
31:40 Chemistry
31:04 Drill
30:07 Capped Ram
31:03 Siege Ram
31:38 Heavy Scorpion
33:06 Siege Engineers
45:03 Fortified Wall
45:04 Masonry
45:07 Careening
45:09 Forging
45:00 Scale Mail Armor
45:06 Scale Barding Armor
44:52 Fletching
45:02 Padded Archer Armor
45:34 Coinage
44:53 Town Watch
嬴政1号
10:45 Feudal Age
15:02 Castle Age
13:32 Double-Bit Axe
13:34 Horse Collar
20:37 Wheelbarrow
20:30 Bow Saw
21:14 Heavy Plow
23:23 Hand Cart
24:44 Forging
24:35 Scale Mail Armor
27:30 Gold Mining
27:31 Stone Mining
28:36 Chain Mail Armor
28:57 Iron Casting
32:32 Imperial Age
33:39 Conscription
32:41 Elite Teutonic Knight
34:20 Ballistics
35:01 Chemistry
34:07 Siege Engineers
34:45 Plate Mail Armor
35:16 Blast Furnace
35:06 Capped Ram
Connection lost

Rejoining the realm…

Still unreachable

The connection could not be restored.

Session expired

The server has moved on; the page needs a fresh start.